 Dungeon Crawl Stone Soup version 0.17-a0-1954-g0dddeaa (webtiles) character file.

54 derrpe the Poker (level 3, -4/27 HPs)
             Began as a Merfolk Skald on Oct 4, 2015.
             Was an Initiate of Ashenzari.
             Slain by Natasha (7 damage)
             ... on level 2 of the Dungeon.
             The game lasted 00:05:49 (2055 turns).

derrpe the Poker (Merfolk Skald)                    Turns: 2055, Time: 00:05:49

Health: -4/27      AC:  4    Str: 12    XL:     3   Next: 91%
Magic:  3/6        EV: 11    Int: 12    God:    Ashenzari [......]
Gold:   46         SH:  0    Dex: 13    Spells: 3 memorised, 0 levels left

rFire  . . .     SeeInvis .     a - +0 spear
rCold  . . .     Clarity  .     b - +0 leather armour
rNeg   . . .     SustAt   .     (no shield)
rPois  +         Gourm    .     r - +0 helmet
rElec  .         Spirit   .     (no cloak)
rCorr  .         Warding  .     (no gloves)
rMut   .         Stasis   .     (no boots)
MR     .....                    (no amulet)
Stlth  +.........               (no ring)
                                m - ring of poison resistance

@: infused, slowed, very slow, not resistant to hostile enchantments, very
unstealthy
A: change form in water, swift swim
a: Renounce Religion


You were on level 2 of the Dungeon.
You worshipped Ashenzari.
Ashenzari was noncommittal.
You were not hungry.

You visited 1 branch of the dungeon, and saw 2 of its levels.

You collected 46 gold pieces.

Inventory:

Hand weapons
 a - a +0 spear (weapon)
 i - a +0 hunting sling
Missiles
 l - 14 bolts
 o - 19 arrows
 q - 2 stones (quivered)
Armour
 b - a +0 leather armour (worn)
 k - a +0 buckler
 r - a +0 helmet (worn)
Jewellery
 m - a ring of poison resistance (left hand)
Scrolls
 e - 4 scrolls of recharging {unknown}
 f - a scroll of fog {unknown}
 g - 3 scrolls of identify {unknown}
 h - a scroll of magic mapping {unknown}
 n - a scroll of fear {unknown}
Potions
 j - a potion of cure mutation
Books
 c - a book of Battle

   Spells                             Type                      Level
   a - Infusion                       Charms                       1
   b - Shroud of Golubria             Charms/Translocation         2
   c - Song of Slaying                Charms                       2
   d - Spectral Weapon                Hexes/Charms                 3
   e - Regeneration                   Charms/Necromancy            3
Comestibles
 d - a bread ration {@e1}
 p - 7 chunks of flesh {@w0}


   Skills:
 - Level 2.1 Fighting
 + Level 4.4 Polearms
 - Level 0.6 Armour
 - Level 1.3 Dodging
 - Level 2.0 Spellcasting
 + Level 4.4 Charms


You couldn't memorise any spells.
You knew the following spells:

 Your Spells              Type           Power        Failure   Level  Hunger
a - Infusion              Chrm           ##....       8%          1    ##.....
b - Shroud of Golubria    Chrm/Tloc      #.........   24%         2    ###....
c - Regeneration          Chrm/Necr      #.........   45%         3    ####...


Dungeon Overview and Level Annotations

Branches:
Dungeon (2/15)

Altars:
Ashenzari
Trog
The Shining One

Annotations:
D:2 Natasha


Message History

Natasha is lightly wounded.
Natasha stares at you and mumbles some strange words.
The magic dart hits you!
You hit Natasha.
Natasha is moderately wounded.
Natasha closely misses you. Natasha claws you.
You barely miss Natasha.
Natasha is moderately wounded.
Natasha claws you.
You hit Natasha.
Natasha is heavily wounded.
Natasha claws you!
* * * LOW HITPOINT WARNING * * *
Drink which item? (? for menu, Esc to quit)
Okay, then.
Unknown command.
You closely miss Natasha.
Natasha is heavily wounded.
Natasha claws you but does no damage. Natasha claws you!
You die...

.... .... ..... ######
#### ...... .....# #...
#. ...... .....# #... #.
......#####.....# #... #.
###.............###...##.
.......h...........g...##
###.....@.......# #....##
#........##### #..g.##
#........# ####g.#
#........############g#
#.................##...
#######................
#.........#####..
#.........#...#..
#.........#...#..


You could see Natasha.

Vanquished Creatures
  Robin (D:2)
  An adder (D:2)
  A giant gecko (D:2)
  A bat (D:1)
  2 giant cockroaches
  8 hobgoblins
  2 kobolds
  2 giant newts (D:1)
  11 goblins
  3 rats (D:1)
32 creatures vanquished.

Notes
Turn   | Place    | Note
--------------------------------------------------------------
     0 | D:1      | derrpe the Merfolk Skald began the quest for the Orb.
     0 | D:1      | Reached XP level 1. HP: 16/16 MP: 3/3
   542 | D:1      | Reached XP level 2. HP: 17/22 MP: 0/5
  1137 | D:2      | Noticed Natasha
  1236 | D:2      | Found a shattered altar of Ashenzari.
  1397 | D:2      | Became a worshipper of Ashenzari the Shackled
  1421 | D:2      | Reached skill level 4 in Charms
  1619 | D:2      | Found a glowing golden altar of the Shining One.
  1649 | D:2      | Noticed Robin
  1675 | D:2      | Reached XP level 3. HP: 27/27 MP: 2/6
  1686 | D:2      | Killed Robin
  1760 | D:2      | Found a bloodstained altar of Trog.
  1772 | D:2      | Learned a level 2 spell: Shroud of Golubria
  1776 | D:2      | Learned a level 3 spell: Regeneration
  2055 | D:2      | Slain by Natasha

Vault maps used:
D:1:      saegor_arrival_simple_c, minmay_close_crescents
D:2:      evilmike_ruin_ashenzari, bloody_trog, first_bread, tso_metal_star,
          uniq_robin, uniq_natasha, uniq_crazy_yiuf_cottage

Action                   || total
-------------------------++-------
Melee: Spear             ||   132
 Cast: Infusion          ||     8
  Use: Potion            ||     3
 Stab: Sleeping          ||     3
  Eat: Bread ration      ||     1
